 Dungeon Crawl Stone Soup version 0.28-a0-697-g47f3eba078 (webtiles) character file.

Game seed: 14029241706797663518

128 SmokeWeed the Slasher (level 4, -1/34 HPs)
             Began as a Demonspawn Gladiator on Oct 24, 2021.
             Slain by Sigmund (9 damage)
             ... on level 3 of the Dungeon.
             The game lasted 00:05:02 (2505 turns).

SmokeWeed the Slasher (Demonspawn Gladiator)        Turns: 2505, Time: 00:05:03

Health: -1/34      AC: 11    Str: 15    XL:     4   Next: 86%
Magic:  4/4        EV:  9    Int:  9    God:
Gold:   58         SH:  0    Dex: 15    Spells: 3/3 levels left

rFire   . . .      SeeInvis .   a - +0 long sword
rCold   + . .      Faith    .   (no shield)
rNeg    . . .      Spirit   .   h - +1 chain mail {rC+}
rPois   .          Reflect  .   o - +0 helmet
rElec   .          Harm     .   (no cloak)
rCorr   .          Rampage  .   (no gloves)
Will    .....                   b - +0 pair of boots
Stlth   ..........              (no amulet)
HPRegen 0.11/turn               (no ring)
MPRegen 0.09/turn               (no ring)

@: confused, mighty, very slightly contaminated, invisible
A: repulsion field 1, powered by pain 2
a: no special abilities


You were on level 3 of the Dungeon.
You visited 1 branch of the dungeon, and saw 3 of its levels.

You collected 58 gold pieces.

Inventory:

Hand Weapons
 a - a +0 long sword (weapon)
 m - a +3 short sword
Missiles
 d - 3 throwing nets
 e - 69 stones
 g - 3 boomerangs (quivered)
 i - 15 poisoned darts
Armour
 b - a +0 pair of boots (worn)
 c - a +0 helmet
 h - a +1 chain mail of cold resistance (worn)
 o - a +0 helmet (worn)
Magical Staves
 n - a staff of cold
Potions
 j - 2 potions of curing
 k - 2 potions of ambrosia
 l - a potion of brilliance {unknown}
 p - a potion of heal wounds {unknown}


   Skills:
 + Level 2.3 Fighting
 + Level 4.0 Long Blades
 + Level 2.0 Throwing
 + Level 1.3 Armour
 + Level 3.3 Dodging
 + Level 0.1 Stealth


You had 3 spell levels left.
You didn't know any spells.
Your spell library contained the following spells:

 Spells                   Type           Power      Damage    Failure   Level
 Sting                    Tmut/Pois      0%         1d3       100%        1
 Poisonous Vapours        Pois/Air       0%         N/A       100%        2
 Olgreb's Toxic Radiance  Pois           0%         N/A       100%        4


Dungeon Overview and Level Annotations

Branches:
Dungeon (3/15)

Altars:

Shops:
D:2 (

Annotations:
D:3 Sigmund


Innate Abilities, Weirdness & Mutations

You are surrounded by a mild repulsion field. (EV +2)
You sometimes gain power by taking damage.


Message History

You feel sick. The adder bites you but does no damage.
You fade into invisibility!
You feel sick. The adder bites you but does no damage.
You are very lightly contaminated with residual magic.
You hit the adder.
The adder is moderately wounded.
You feel sick. The adder barely misses you. The adder bites you.
You slice the adder!!
You kill the adder!
You feel sick. The adder closely misses you.
You hear some strange, mumbled words.
The adder appears confused.
You barely miss the adder.
You feel sick.
You are no longer poisoned.
The adder barely misses something.
You slash the goblin!
You kill the goblin!
The adder barely misses something.
Throw: 3 boomerangs
Press: ? - help, Q - select action, (/) - cycle Shift-Dir - straight line, f - adder
Aim: an adder (confused, 71% to hit)
You throw a boomerang. The boomerang hits the adder.
The adder is lightly wounded.
The adder barely misses you.
You catch the helpless adder completely off-guard!
You slash the adder!
You kill the adder!
You hear some strange, mumbled words.
A puff of flame appears from out of thin air!
The puff of flame misses you.
You hear some strange, mumbled words.
You are confused.
Your Long Blades skill increases to level 4!
You're too confused to move!
Something hits you but does no damage.
You're too confused to move!
You hear some strange, mumbled words.
Something hits you.
* * * LOW HITPOINT WARNING * * *
You bump into the rock wall.
Something hits you!
You die...

. .# .####
###################....
.....................####
.........................
############...#.{.....#
...............#)###...#
########..###.##@# .# #
#......##.# # #...#.....#
# #.........# #
#.........# # #..#).....#
# #..#......# #.....#....
##.##.###.##


There were no monsters in sight!

Vanquished Creatures
  5 adders
  3 worms (D:2)
  A dart slug (D:2)
  4 orcs (D:3)
  A ball python (D:1)
  11 bats
  7 endoplasms
  2 giant cockroaches
  3 goblins
  5 hobgoblins
  4 jackals (D:2)
  3 quokkas (D:1)
  7 frilled lizards
  3 kobolds
  8 rats
67 creatures vanquished.

Notes
Turn   | Place    | Note
-------+----------+-------------------------------------------
     0 | D:1      | SmokeWeed the Demonspawn Gladiator began the quest for the
                  | Orb.
     0 | D:1      | Reached XP level 1. HP: 16/16 MP: 1/1
    45 | D:1      | Reached skill level 3 in Long Blades
    45 | D:1      | Gained mutation: You are surrounded by a mild repulsion
                  | field. (EV +2) [demonic ancestry]
    45 | D:1      | Reached XP level 2. HP: 14/22 MP: 2/2
   298 | D:1      | Found a faded altar of an unknown god.
   791 | D:1      | Gained mutation: You sometimes gain a little power by
                  | taking damage. [demonic ancestry]
   791 | D:1      | Reached XP level 3. HP: 27/27 MP: 3/3
  1817 | D:2      | Reached skill level 1 in Armour
  1932 | D:2      | Found Yfimmi's Weapon Shop.
  2000 | D:2      | Gained mutation: You sometimes gain power by taking damage.
                  | [demonic ancestry]
  2000 | D:2      | Reached XP level 4. HP: 30/33 MP: 4/4
  2488 | D:3      | Noticed Sigmund
  2501 | D:3      | Reached skill level 4 in Long Blades
  2505 | D:3      | Slain by Sigmund

Illustrated notes

Levels and vault maps discovered:
D:1:      psy_arrival_spokes, layout_basic, ebering_ecumenical_altar_webs,
          minmay_misc_feat_room, minmay_vboxes
D:2:      layout_loops_ring, serial_shops, nicolae_diamond_shop
D:3:      layout_basic, lemuel_round_altar, serial_shops, shop_statue,
          uniq_sigmund

Skill      XL: |  1  2  3  4 |
---------------+-------------+-----
Long Blades    | 3 4 |  4.0
Dodging        | 3 |  3.3
Armour         | 1 |  1.3
Throwing       | 2 |  2.0
Fighting       | |  2.3
Stealth        | |  0.1

Action                   |  1- 3 |  4- 6 || total
-------------------------+-------+-------++-------
Melee: Long sword        |   137 |    75 ||   212
Throw: Stone             |    18 |       ||    18
       Boomerang         |       |     1 ||     1
  Use: Scroll            |     1 |     4 ||     5
       Potion            |       |     1 ||     1
 Stab: Invisible         |       |     1 ||     1
Armor: Leather armour    |    24 |       ||    24
       Chain mail        |    37 |    40 ||    77
Dodge: Dodged            |    99 |    48 ||   147

Table legend: (Time is in decaauts)
 A = Elapsed time spent in this place.
 B = Non-inter-level travel time spent in this place.
 C = Inter-level travel time spent in this place.
 D = Time resting spent in this place.
 E = Time spent auto-exploring this place.
 F = Levels seen in this place.
 G = Mean time per level.
                   A        B        C        D        E       F      G
               +--------+--------+--------+--------+--------+-----+--------+
         Total |   2554 |   2472 |     82 |      0 |   1887 |   3 |  851.3 |
       Dungeon |   2554 |   2472 |     82 |      0 |   1887 |   3 |  851.3 |
               +--------+--------+--------+--------+--------+-----+--------+

Top non-repeatable levels by time:
     D:1: 1301 daAuts
     D:2: 1113 daAuts
     D:3: 139 daAuts
